 Dungeon Crawl Stone Soup version 0.30.0-7-g0c4daa9e05 (webtiles) character file.

Game seed: 15591876861343951398

222936 Jarnaxa the Minotaur Blade (level 18, -22/177 (195) HPs)
             Began as a Minotaur Monk on May 13, 2023.
             Was the Champion of Lugonu.
             Killed from afar by a tengu reaver (35 damage)
             ... with a bolt of negative energy
             ... on level 14 of the Dungeon.
             The game lasted 01:54:16 (41356 turns).

Jarnaxa the Minotaur Blade (Minotaur Monk)         Turns: 41356, Time: 01:54:16

HP:   -22/177 (195) AC: 28    Str: 23    XL:     18   Next: 54%
MP:   9/9           EV: 25    Int:  7    God:    Lugonu [******]
Gold: 775           SH:  5    Dex: 25    Spells: 17/17 levels left

rFire   + . .        e - +2 triple sword of the Wizarding Gods {antimagic, *Noise rPois Dex+4}
rCold   . . .        (shield currently unavailable)
rNeg    . . .        I - +5 chain mail {rF+}
rPois   +            j - +2 hat {Will+}
rElec   .            N - +0 cloak
rCorr   .            d - +0 pair of gloves of Protective Custody {Str+2 Dex+7}
SInv    .            p - +2 pair of boots
Will    ++...        Q - amulet of reflection Stlth
                     h - +4 ring of slaying
HPRegen 0.49/turn    V - ring of the Hare {EV+10}
MPRegen 0.11/turn

%: reflection
@: mighty, silenced (expiring), drained
A: horns 2, retaliatory headbutt, hooves 1, clumsy 1, robust 1, MP-powered wands
}: 1/15 runes: serpentine
a: Renounce Religion


You were on level 14 of the Dungeon.
You worshipped Lugonu.
Lugonu was exalted by your worship.
You visited 6 branches of the dungeon, and saw 31 of its levels.
You visited 1 bazaar.
You also visited: Trove and Ossuary.

You collected 3049 gold pieces.
You spent 2274 gold pieces at shops.

Inventory:

Hand Weapons
 e - the +2 triple sword of the Wizarding Gods (weapon) {antimagic, *Noise rPois Dex+4}
   (You found it in a treasure trove)

   Dex:       It affects your dexterity (+4).
   rPois:     It protects you from poison.
   *Noise:    It may make noises in combat.
 q - a +2 double sword of protection
 G - a +5 great sword of distortion
 O - the +1 triple sword of Muin {flame, Int+3}
   (You found it in a treasure trove)

   Int:       It affects your intelligence (+3).
 Y - the +9 scimitar of Lies {elec, rElec}
   (You bought it in a shop in a bazaar)

   rElec:     It insulates you from electricity.
Missiles
 l - 14 javelins (quivered)
Armour
 d - the +0 pair of gloves of Protective Custody (worn) {Str+2 Dex+7}
   (You acquired it in a bazaar)

   Str:       It affects your strength (+2).
   Dex:       It affects your dexterity (+7).
 j - a +2 hat of willpower (worn)
 p - a +2 pair of boots (worn)
 I - a +5 chain mail of fire resistance (worn)
 N - a +0 cloak (worn)
 Z - a +1 kite shield of protection
Jewellery
 h - a +4 ring of slaying (left hand)
 o - a ring of protection from cold
 t - an amulet of the acrobat
 v - a +4 ring of slaying
 w - a +6 ring of intelligence
 x - an amulet of regeneration
 y - a ring of poison resistance
 C - a +4 ring of protection
 F - a ring of fire
 Q - an amulet of reflection (around neck)
 S - a ring of ice
 V - the ring of the Hare (right hand) {EV+10}
   (You bought it in a shop in a bazaar)

   [ring of evasion]

   EV:        It affects your evasion (+10).
Wands
 b - a wand of digging (7)
 f - a wand of mindburst (47)
 r - a wand of paralysis (13)
 K - a wand of iceblast (11)
 X - a wand of light (5)
Scrolls
 a - 14 scrolls of teleportation
 c - a scroll of brand weapon
 A - 2 scrolls of enchant weapon
 B - a scroll of poison
 D - 11 scrolls of identify
 J - a scroll of amnesia
 L - 2 scrolls of blinking
Potions
 g - a potion of cancellation
 i - 15 potions of curing
 n - 5 potions of invisibility
 s - 4 potions of flight
 u - a potion of ambrosia
 z - 3 potions of resistance
 E - 2 potions of lignification
 M - 2 potions of haste
 U - 2 potions of mutation
 W - a potion of brilliance
Miscellaneous
 R - a lightning rod (4/4)
 T - a phial of floods


   Skills:
 + Level 20.0 Fighting
 + Level 22.9 Long Blades
 + Level 2.2 Throwing
 + Level 17.8 Armour
 + Level 8.2 Dodging
 + Level 2.4 Stealth
 + Level 8.0 Shields
 + Level 14.7 Invocations
 + Level 0.8 Evocations


You had 17 spell levels left.
You didn't know any spells.
Your spell library contained the following spells:

 Spells                   Type           Power      Damage    Failure   Level
 Apportation              Tloc           0%         N/A       83%         1
 Kiss of Death            Conj/Necr      0%         2d5       83%         1
 Necrotise                Necr           0%         1d4       83%         1
 Sandblast                Erth           0%         2d4       83%         1
 Sting                    Tmut/Pois      0%         1d3       83%         1
 Summon Small Mammal      Summ           0%         N/A       83%         1
 Passwall                 Tmut/Erth      0%         N/A       92%         2
 Scorch                   Fire           0%         2d5       92%         2
 Hailstorm                Conj/Ice       0%         3d3       99%         3
 Stone Arrow              Conj/Erth      0%         3d7       99%         3
 Tukima's Dance           Hex            0%         N/A       99%         3
 Vampiric Draining        Necr           0%         2d6       99%         3
 Vhi's Electric Charge    Tloc/Air       0%         N/A       99%         3
 Animate Dead             Necr           0%         N/A       100%        4
 Flame Wave               Conj/Fire      0%         2d4       100%        4
 Ice Form                 Ice/Tmut       0%         N/A       100%        4
 Passage of Golubria      Tloc           0%         N/A       100%        4
 Summon Ice Beast         Ice/Summ       0%         N/A       100%        4
 Agony                    Necr           0%         N/A       100%        5
 Alistair's Intoxication  Tmut/Pois      0%         N/A       100%        5
 Arcjolt                  Conj/Air       0%         1d10      100%        5
 Borgnjor's Vile Clutch   Necr/Erth      0%         N/A       100%        5
 Summon Mana Viper        Hex/Summ       0%         N/A       100%        5
 Yara's Violent Unravell  Hex/Tmut       0%         3d3       100%        5
 Eringya's Noxious Bog    Tmut/Pois      0%         N/A       100%        6
 Simulacrum               Ice/Necr       0%         N/A       100%        6
 Summon Cactus Giant      Summ           0%         N/A       100%        6
 Monstrous Menagerie      Summ           0%         N/A       100%        7
 Maxwell's Capacitive Co  Air            0%         ∞         100%        8


Dungeon Overview and Level Annotations

Branches:
Dungeon (15/15)            Temple (0/1) D:6            Lair (5/5) D:9
 Shoals (4/4) Lair:2        Snake (4/4) Lair:3        Slime (0/5) Lair:4
    Orc (2/2) D:12            Elf (0/3) Orc:2        Vaults (0/5) D:14
 Depths (1/4) D:15        Ossuary (visited)

Altars:
Ashenzari
Cheibriados
Dithmenos
Elyvilon
Gozag
Kikubaaqudgha
Nemelex Xobeh
Ru
Uskayaw
Vehumet
Wu Jian
Xom
Zin
The Shining One
Jiyva
Lugonu

Shops:
D:12 !   D:13 *   Orc:2 (:[(*   Shoals:2 [   Snake:2 =   Snake:3 **[

Portals:
Ziggurat: Depths:1

Annotations:
D:12 3 runed translucent doors
D:14 1 transporter
D:15 Roxanne
Lair:3 exclusion: 2 oklob plants
Shoals:1 3 runed translucent doors, exclusion: obsidian statue, RepoMan's ghost, journeyman SpEn
Abyss:1 Ilsuiw; Saint Roka


Innate Abilities, Weirdness & Mutations

You have a pair of horns on your head.
You reflexively headbutt those who attack you in melee.
You have large cloven feet.
You are clumsy. (Dex -2)
You are robust. (+10% HP)
You expend magic power (3 MP) to strengthen your wands.


Message History

You completely miss the cyan ugly thing.
The cyan ugly thing is severely wounded.
You block the cyan ugly thing's attack. The boulder beetle bites you.
* * * LOW HITPOINT WARNING * * *
The deep elf zephyrmancer points at you and mumbles some strange words.
The bolt of lightning misses you.
The bolt of lightning hits the cyan ugly thing.
The cyan ugly thing resists.
You block the tengu reaver's attack. The tengu reaver pecks you.
* * * LOW HITPOINT WARNING * * *
The tengu reaver claws you but does no damage.
You block the tengu reaver's attack. The tengu reaver pecks you!
* * * LOW HITPOINT WARNING * * *
The tengu reaver completely misses you.
You feel much better. The boulder beetle bites you.
* * * LOW HITPOINT WARNING * * *
The deep elf zephyrmancer points at you and mumbles some strange words.
The bolt of lightning hits you!
* * * LOW HITPOINT WARNING * * *
The bolt of lightning hits the cyan ugly thing!
The cyan ugly thing resists.
The cyan ugly thing dies!
The tengu reaver hits you with a +2 long sword!
* * * LOW HITPOINT WARNING * * *
The tengu reaver misses you. x2
The tengu reaver hits you but does no damage.
You feel drained. The tengu reaver pecks you.
* * * LOW HITPOINT WARNING * * *
The tengu reaver claws you but does no damage.
Your Shields skill increases to level 8!
Okay, then.
The tengu reaver attacks as you move away!
The tengu reaver hits you but does no damage.
You feel drained.
The tengu reaver pecks you but does no damage.
The tengu reaver closely misses you.
The boulder beetle curls into a ball and begins rolling!
The tengu reaver casts a spell at you. The bolt of negative energy hits you!!
You feel drained.
You die...

#.# #.# #.# ##.#
#.#########.# ...#
#.#.......#.# ####
###.#.#.#.....#
##.............#####
#####.......©..........#
........#########...##.#
#####..##8.....8##..##.#
...[#..#..?..e.Q@#..##.#
###.#..#.#...)B#†#..##.#
# #.#..#..#...#Q.#..##.#
# #....#....©....#..##.#
# ###..#..#...#..#..##.#
# #..#.#.....#.#..##.# #
#..#........)#..##.# #
#..##8[[=:$8##..##.# #
#...#########...##.#


You could see 2 tengu reavers, a boulder beetle (rolling) and a deep elf
zephyrmancer.

Vanquished Creatures
  Bai Suzhen (Snake:4)
  Jorgrun (D:15)
  Rupert (D:15)
  Gastronok (D:11)
  7 nagarajas
  A fire giant (Depths:1)
  2 orc warlords (Orc:1)
  The ghost of KamiKatze the Eclecticist, a journeyman DECj of Vehumet (D:14)
  A deep elf annihilator (D:13)
  2 dire elephants (Lair:5)
  An ettin (D:15)
  Josephine (Orc:1)
  2 merfolk impalers
  A fire dragon (D:14)
  A salamander tyrant (Snake:4)
  An ogre mage (D:13)
  5 centaur warriors
  An alligator snapping turtle (Shoals:2)
  A merfolk aquamancer (Shoals:4)
  13 anacondas
  2 merfolk avatars (Shoals:2)
  3 catoblepae
  A dancing weapon (D:14)
  9 two-headed ogres
  A satyr (Shoals:3)
  2 boulder beetles
  4 tengu warriors
  2 deep troll earth magi
  19 naga warriors
  9 death yaks
  A hell knight (D:15)
  2 orc high priests
  13 naga sharpshooters
  Sonja (Lair:4)
  A sun demon (D:10)
  10 shock serpents
  A soul eater (D:10)
  A deep elf knight (Orc:1)
  Nergalle (D:11)
  A spectral death yak (Lair:5)
  An iron troll (D:15)
  3 salamander mystics
  9 skysharks
  8 naga ritualists
  A spectral anaconda (Lair:5)
  9 sea snakes
  3 deep trolls (D:15)
  2 wizards (D:15)
  2 obsidian statues
  2 necromancers (Lair:5)
  10 harpies
  2 deep elf pyromancers
  4 orc knights
  Pikel (D:7)
  A deep elf zephyrmancer (Orc:1)
  4 fauns
  18 mana vipers
  A salamander (shapeshifter) (D:14)
  A wolf spider (D:14)
  5 orc sorcerers
  6 ugly things
  11 manticores
  12 salamanders
  8 cyclopes
  17 elephants
  33 black mambas
  8 guardian serpents (Snake:4)
  3 gargoyles
  7 merfolk sirens
  22 naga magi
  A water nymph (Shoals:2)
  An orange demon (D:11)
  8 cane toads
  An efreet (D:14)
  Psyche (D:11)
  2 rime drakes (Lair:4)
  8 komodo dragons
  A red devil (D:11)
  5 polar bears (Lair:5)
  11 merfolk
  6 trolls
  A wind drake (Shoals:3)
  3 meliai (D:14)
  A hornet (shapeshifter) (D:14)
  A hellwing (D:11)
  20 blink frogs
  A snapping turtle (Shoals:3)
  8 dream sheep (Shoals:2)
  A spectral elephant (Lair:5)
  10 slime creatures
  2 shadows
  A water elemental (Shoals:3)
  9 wraiths
  56 yaks
  2 ynoxinuls (D:11)
  5 basilisks
  6 wyverns
  A neqoxec (D:11)
  A steam dragon (D:9)
  3 vampire mosquitoes
  4 death yak simulacra (Lair:5)
  50 nagas
  9 wargs
  2 spectral cane toads (Lair:5)
  16 water moccasins
  A black bear (shapeshifter) (D:13)
  36 orc warriors
  A black bear (D:4)
  2 ice beasts
  2 sky beasts
  7 ogres
  13 wolves
  8 centaurs
  An elephant skeleton (Lair:5)
  9 bullfrogs
  2 elf zombies (Ossuary)
  3 kobold brigands
  3 scorpions
  A gnoll sergeant (D:10)
  5 cane toad simulacra (Lair:5)
  9 wights (D:8)
  3 elephant simulacra (Lair:5)
  33 killer bees
  6 jellies
  3 quasits (D:11)
  2 human zombies (Ossuary)
  4 sleepcaps
  6 hounds
  13 orc priests
  A gnoll bouda (D:7)
  3 iguanas
  15 orc wizards
  12 hell rats (Lair:2)
  2 mummies (Ossuary)
  6 adders
  9 gnolls
  A river rat (Lair:3)
  3 shadow imps
  2 ufetubi
  3 dart slugs
  72 orcs
  3 endoplasms
  A giant cockroach (D:2)
  6 hobgoblins
  11 kobolds
  7 quokkas
  6 ball pythons
  8 bats
  3 frilled lizards
  6 goblins
  4 goblin zombies (Ossuary)
  11 hobgoblin zombies (Ossuary)
  A jackal zombie (Ossuary)
  8 kobold zombies (Ossuary)
  8 orc zombies (Ossuary)
  A quokka zombie (D:5)
  4 rats
  2 rat zombies
  4 tentacles (Shoals:1)
997 creatures vanquished.

Vanquished Creatures (collateral kills)
  A naga ritualist (Snake:2)
  A black mamba (Snake:2)
  A naga (Snake:2)
3 creatures vanquished.

Vanquished Creatures (others)
  An ugly thing (D:14)
  A howler monkey (D:14)
  A kobold (D:9)
  9 tentacles (Shoals:1)
12 creatures vanquished.

Grand Total: 1012 creatures vanquished

Notes
Turn   | Place    | Note
-------+----------+-------------------------------------------
     0 | D:1      | Jarnaxa the Minotaur Monk began the quest for the Orb.
     0 | D:1      | Reached XP level 1. HP: 19/19 MP: 0/0
   120 | D:1      | Reached XP level 2. HP: 12/27 MP: 1/1
   555 | D:1      | Reached skill level 4 in Long Blades
  1134 | D:2      | Reached XP level 3. HP: 33/33 MP: 2/2
  1267 | D:2      | Identified the +3 leather armour of Pleasant Breezes
                  | {Rampage Regen+ Int-5 Slay+4}
  1956 | D:3      | Reached skill level 5 in Long Blades
  1986 | D:3      | Found a shadowy altar of Dithmenos.
  2122 | D:3      | Reached XP level 4. HP: 39/40 MP: 3/3
  2380 | D:3      | Found a faded altar of an unknown god.
  2384 | D:3      | Found a glowing silver altar of Zin.
  2388 | D:3      | Prayed at the altar of an unknown god.
  2388 | D:3      | Became a worshipper of Lugonu the Unformed
  2388 | D:3      | Reached * piety under Lugonu
  2388 | D:3      | Reached ** piety under Lugonu
  2580 | D:4      | Noticed a black bear
  2589 | D:5      | Entered Level 5 of the Dungeon
  2590 | D:5      | Noticed a scorpion
  2605 | D:5      | Killed a scorpion
  2606 | D:5      | Reached skill level 1 in Armour
  2606 | D:5      | Reached XP level 5. HP: 44/47 MP: 4/4
  2750 | D:5      | Reached *** piety under Lugonu
  2751 | D:5      | Reached skill level 6 in Long Blades
  2767 | D:5      | Reached XP level 6. HP: 41/53 MP: 5/5
  3093 | D:5      | Found a sand-covered staircase.
  3100 | Ossuary  | Entered an ossuary
  3183 | Ossuary  | Reached **** piety under Lugonu
  3250 | Ossuary  | Reached skill level 5 in Fighting
  3257 | Ossuary  | Reached skill level 7 in Long Blades
  3283 | Ossuary  | HP: 2/84 [elf zombie (3)]
  3323 | Ossuary  | Reached XP level 7. HP: 22/61 MP: 6/6
  3951 | D:4      | Found a sacrificial altar of Ru.
  3966 | D:4      | Gained mutation: Your body sometimes deteriorates upon
                  | taking damage. [potion of mutation]
  3967 | D:4      | Lost mutation: Your body sometimes deteriorates upon taking
                  | damage. [potion of mutation]
  3967 | D:4      | Gained mutation: You have a pair of large horns on your
                  | head. [potion of mutation]
  3967 | D:4      | Gained mutation: You are vulnerable to heat. (rF-) [potion
                  | of mutation]
  3967 | D:4      | Lost mutation: You have a pair of large horns on your head.
                  | [potion of mutation]
  3968 | D:4      | Lost mutation: You are vulnerable to heat. (rF-) [potion of
                  | mutation]
  3968 | D:4      | Gained mutation: Your system is resistant to poisons.
                  | (rPois) [potion of mutation]
  3969 | D:4      | Lost mutation: Your system is resistant to poisons. (rPois)
                  | [potion of mutation]
  3969 | D:4      | Gained mutation: Your body sometimes deteriorates upon
                  | taking damage. [potion of mutation]
  3969 | D:4      | Gained mutation: You are robust. (+10% HP) [potion of
                  | mutation]
  3969 | D:4      | Gained mutation: Your muscles are strong. (Str +4, Int/Dex
                  | -1) [potion of mutation]
  4038 | D:4      | Found an opulent altar of Gozag.
  4081 | D:4      | Reached skill level 8 in Long Blades
  4587 | D:4      | Reached XP level 8. HP: 77/77 MP: 7/7
  4800 | D:6      | Reached ***** piety under Lugonu
  4866 | D:6      | Found a glowing golden altar of the Shining One.
  4881 | D:6      | Found a white marble altar of Elyvilon.
  4909 | D:6      | Found a radiant altar of Vehumet.
  5109 | D:6      | Reached skill level 5 in Armour
  5114 | D:6      | Found a staircase to the Ecumenical Temple.
  5122 | D:6      | Reached skill level 1 in Invocations
  5264 | D:6      | Reached skill level 9 in Long Blades
  5776 | D:7      | Noticed a +0 hand axe
  5777 | D:7      | Found a hide-covered altar of Uskayaw.
  5777 | D:7      | Noticed a +0 dagger
  5779 | D:7      | Noticed a komodo dragon
  5788 | D:7      | Killed a komodo dragon
  5895 | D:7      | Identified the +4 ring mail of Lucidity {rF+}
  5916 | D:7      | Noticed Pikel
  5929 | D:7      | Killed Pikel
  5930 | D:7      | Reached skill level 10 in Long Blades
  5930 | D:7      | Reached XP level 9. HP: 54/85 MP: 8/10
  6685 | D:8      | Noticed a two-headed ogre
  6701 | D:8      | Reached skill level 11 in Long Blades
  6704 | D:8      | Killed a two-headed ogre
  7110 | D:8      | Reached XP level 10. HP: 84/95 MP: 12/12
  7602 | D:8      | Reached skill level 12 in Long Blades
  7792 | D:9      | Reached skill level 5 in Invocations
  7823 | D:9      | Found a broken altar of Ashenzari.
  7884 | D:9      | Noticed a two-headed ogre
  7894 | D:9      | Killed a two-headed ogre
  7956 | D:9      | Noticed a two-headed ogre
  7963 | D:9      | Killed a two-headed ogre
  7964 | D:9      | Reached skill level 5 in Dodging
  8107 | D:9      | Noticed a two-headed ogre
  8115 | D:9      | Killed a two-headed ogre
  8116 | D:9      | Reached skill level 13 in Long Blades
  8473 | D:9      | Found a staircase to the Lair.
  8483 | D:9      | Reached XP level 11. HP: 87/106 MP: 14/14
  8602 | D:10     | Entered Level 10 of the Dungeon
  8642 | D:10     | Reached skill level 10 in Armour
  8825 | D:10     | Noticed a two-headed ogre
  8833 | D:10     | Killed a two-headed ogre
  9136 | D:10     | Reached skill level 14 in Long Blades
  9452 | D:10     | Found a sparkling altar of Nemelex Xobeh.
  9470 | D:10     | Found an ancient bone altar of Kikubaaqudgha.
  9714 | D:11     | Reached skill level 10 in Fighting
  9753 | D:11     | Noticed Gastronok
  9764 | D:11     | Killed Gastronok
  9958 | D:11     | Noticed a soul eater
  9959 | D:11     | Noticed a sun demon
  9979 | D:10     | Killed a sun demon
  9984 | D:10     | Killed a soul eater
 10330 | D:11     | Gained mutation: You have sharp toenails. [a neqoxec]
 10339 | D:11     | Noticed Nergalle
 10353 | D:11     | Killed Nergalle
 10541 | D:11     | Reached ****** piety under Lugonu
 10685 | D:11     | Lost mutation: You have sharp toenails. [potion of
                  | mutation]
 10685 | D:11     | Lost mutation: Your muscles are strong. (Str +4, Int/Dex
                  | -1) [potion of mutation]
 10685 | D:11     | Lost mutation: Your body sometimes deteriorates upon taking
                  | damage. [potion of mutation]
 10685 | D:11     | Gained mutation: You have large cloven feet. [potion of
                  | mutation]
 10685 | D:11     | Gained mutation: You expend magic power (3 MP) to
                  | strengthen your wands. [potion of mutation]
 10843 | D:11     | Found a portal to a secret trove of treasure.
 11051 | D:11     | Reached XP level 12. HP: 120/121 MP: 16/16
 11134 | D:11     | Noticed Psyche
 11146 | D:11     | Killed Psyche
 11737 | D:12     | Found Obleon's Distillery.
 11794 | D:12     | Noticed a two-headed ogre
 11814 | D:12     | Killed a two-headed ogre
 12142 | D:12     | Reached skill level 15 in Long Blades
 12210 | D:12     | Found a runed translucent door.
 12428 | D:12     | Found a runed translucent door.
 12442 | D:12     | Found a runed translucent door.
 12459 | D:12     | Found a runed translucent door.
 12459 | D:12     | Found a staircase to the Orcish Mines.
 12668 | D:12     | Noticed a boulder beetle
 12745 | D:12     | Killed a boulder beetle
 12932 | Lair:1   | Entered Level 1 of the Lair of Beasts
 14048 | Lair:2   | Noticed a seven-headed hydra
 14056 | Lair:2   | Banished a seven-headed hydra
 14445 | Lair:2   | Noticed a catoblepas
 14841 | Lair:2   | Killed a catoblepas
 15073 | Lair:2   | Noticed a death yak
 15073 | Lair:2   | Noticed a death yak
 15073 | Lair:2   | Noticed a death yak
 15102 | Lair:2   | Killed a death yak
 15109 | Lair:2   | Noticed a death yak
 15340 | Lair:2   | Noticed a death yak
 15359 | Lair:2   | Killed a death yak
 15365 | Lair:2   | Noticed a death yak
 15380 | Lair:1   | Killed a death yak
 15381 | Lair:1   | Reached skill level 1 in Throwing
 15381 | Lair:1   | Reached XP level 13. HP: 111/130 MP: 14/18
 15654 | Lair:2   | Found a staircase to the Shoals.
 16349 | Orc:1    | Entered Level 1 of the Orcish Mines
 16469 | Orc:1    | Noticed Josephine
 16648 | Orc:1    | Killed Josephine
 16767 | Orc:1    | Noticed an orc warlord
 16767 | Orc:1    | Noticed an orc warlord
 16851 | Orc:2    | Entered Level 2 of the Orcish Mines
 16892 | Orc:1    | Reached skill level 1 in Shields
 17116 | Orc:1    | Killed an orc warlord
 17186 | Orc:1    | Paralysed by an orc sorcerer for 3 turns
 17347 | Orc:1    | Killed an orc warlord
 17348 | Orc:1    | Reached skill level 16 in Long Blades
 17868 | Orc:1    | Identified a +5 great sword of distortion (a +3 great sword
                  | of freezing corrupted by Lugonu)
 17868 | Orc:1    | Received a gift from Lugonu
 18049 | Orc:2    | Found Inip's Antique Weapon Emporium.
 18116 | Orc:2    | Found a staircase to the Elven Halls.
 18117 | Orc:2    | Found Relawkot's Book Shoppe.
 18199 | Orc:2    | Found Fourhuli's Antique Armour Boutique.
 18207 | Orc:2    | Bought a pair of runed boots for 240 gold pieces
 18213 | Orc:2    | Paralysed by an orc sorcerer for 5 turns
 18414 | Orc:2    | Noticed an orc warlord
 18446 | Orc:2    | Banished an orc warlord
 18475 | Orc:2    | Reached skill level 10 in Invocations
 18592 | Orc:2    | Found Duar's General Store.
 18737 | Orc:2    | Found Taadibul's Antique Weapon Boutique.
 19508 | Lair:3   | Reached XP level 14. HP: 132/145 MP: 20/20
 19989 | Lair:3   | Reached skill level 17 in Long Blades
 19996 | Lair:3   | Reached skill level 15 in Armour
 20023 | Lair:3   | Found a staircase to the Snake Pit.
 20813 | Lair:3   | Got the Compendium of the Queen Bee and Malevolent Acts
 21155 | Lair:4   | Found a staircase to the Slime Pits.
 21155 | Lair:4   | Found a viscous altar of Jiyva.
 21491 | Lair:4   | Reached skill level 18 in Long Blades
 21568 | Lair:4   | Noticed Sonja
 21574 | Lair:4   | Killed Sonja
 21733 | Lair:4   | You fall into a shaft and drop 1 floor!
 21733 | Lair:5   | Entered Level 5 of the Lair of Beasts
 21765 | Lair:5   | Reached skill level 15 in Fighting
 21889 | Lair:5   | Reached skill level 1 in Stealth
 22176 | Lair:5   | Reached XP level 15. HP: 126/155 MP: 22/22
 23142 | Lair:5   | Reached skill level 19 in Long Blades
 23953 | Lair:5   | Gained mutation: You are clumsy. (Dex -2) [a neqoxec]
 26081 | D:13     | Found Odunnuis's Elemental Accessories.
 26941 | D:14     | Found a white marble altar of Elyvilon.
 26944 | D:14     | Found a hide-covered altar of Uskayaw.
 26944 | D:14     | Found a shimmering altar of Xom.
 26946 | D:14     | Found an ornate altar of the Wu Jian Council.
 26946 | D:14     | Found a white marble altar of Elyvilon.
 26946 | D:14     | Found a snail-covered altar of Cheibriados.
 27032 | D:14     | Reached skill level 20 in Long Blades
 27184 | D:14     | Found a gate to the Vaults.
 27246 | D:14     | Noticed a tengu reaver
 27247 | D:14     | Noticed a tengu reaver
 27248 | D:14     | Noticed KamiKatze's ghost (journeyman DECj)
 27276 | D:14     | Found a transporter.
 27278 | D:14     | Found a transporter.
 27454 | D:15     | Entered Level 15 of the Dungeon
 27466 | D:15     | Identified Roxanne's Omnibus of Shaping
 27466 | D:15     | Noticed Roxanne
 28042 | D:15     | Noticed Rupert
 28054 | D:15     | Killed Rupert
 28264 | D:15     | Reached XP level 16. HP: 135/167 MP: 24/24
 28400 | D:15     | Found a staircase to the Depths.
 28551 | D:15     | Noticed Jorgrun
 28561 | D:15     | Killed Jorgrun
 28833 | Depths:1 | Entered Level 1 of the Depths
 28842 | Depths:1 | Found a one-way gateway to a ziggurat.
 29468 | Shoals:1 | Entered Level 1 of the Shoals
 29530 | Shoals:1 | Found a flickering gateway to a bazaar.
 29556 | Bazaar   | Entered a bazaar
 29703 | Bazaar   | Found Keusut's Jewellery Boutique.
 29725 | Bazaar   | Found Mots's Antique Weapon Shoppe.
 29747 | Bazaar   | Found Haky's Book Boutique.
 29768 | Bazaar   | Found Siseur's Jewellery Emporium.
 29794 | Bazaar   | Bought the ring of the Hare {EV+10} for 1408 gold pieces
 29794 | Bazaar   | Found the ring of the Hare {EV+10}
 29826 | Bazaar   | Bought a crude scimitar for 180 gold pieces
 29826 | Bazaar   | Identified the +9 scimitar of Lies {elec, rElec} (You
                  | bought it in a shop in a bazaar)
 29827 | Bazaar   | Identified a scroll of acquirement
 29849 | Bazaar   | Acquired the +0 pair of gloves of Protective Custody {Str+2
                  | Dex+7}
 29943 | Shoals:1 | Noticed a kraken
 30483 | Shoals:1 | Found a runed translucent gate.
 30484 | Shoals:1 | Found a runed translucent gate.
 30485 | Shoals:1 | Found a runed translucent gate.
 30486 | Shoals:1 | Found an opulent altar of Gozag.
 30487 | Shoals:1 | Noticed RepoMan's ghost (journeyman SpEn)
 31512 | Shoals:2 | Found Adefepn's Antique Armour Boutique.
 32973 | Shoals:3 | Reached skill level 21 in Long Blades
 33343 | Shoals:4 | Entered Level 4 of the Shoals
 33345 | Shoals:4 | Noticed Ilsuiw
 33357 | Shoals:4 | Banished Ilsuiw
 33709 | Snake:1  | Entered Level 1 of the Snake Pit
 34031 | Snake:1  | Reached skill level 5 in Shields
 34140 | Snake:1  | Reached XP level 17. HP: 179/179 MP: 26/26
 34605 | Snake:1  | Identified the +8 trident of Angecuf {protect, Str+3 Int+6}
 35380 | Snake:2  | Noticed Saint Roka
 35408 | Snake:2  | Banished Saint Roka
 35602 | Snake:2  | Found Vubruc's Jewellery Emporium.
 35862 | Snake:3  | Found a sparkling altar of Nemelex Xobeh.
 36295 | Snake:3  | Found Sayseny's Antique Armour Shop.
 36297 | Snake:3  | Found Qaywiz's General Store.
 36299 | Snake:3  | Found Nuopa Vimmij's Assorted Antiques.
 36305 | Snake:3  | Bought a potion of heal wounds for 65 gold pieces
 36305 | Snake:3  | Bought a potion of curing for 39 gold pieces
 36309 | Snake:3  | Bought a scroll of fear for 72 gold pieces
 36309 | Snake:3  | Bought 2 scrolls of enchant weapon for 270 gold pieces
 36521 | D:11     | You paid a toll of 5 scrolls of fear to enter a treasure
                  | trove
 36522 | Trove    | Entered a treasure trove
 36544 | Trove    | Identified the +2 triple sword of the Wizarding Gods
                  | {antimagic, *Noise rPois Dex+4}
 36555 | Trove    | Identified the +1 triple sword of Muin {flame, Int+3}
 37999 | Snake:4  | Entered Level 4 of the Snake Pit
 38077 | Snake:4  | Reached skill level 22 in Long Blades
 38575 | Snake:4  | Reached XP level 18. HP: 105/193 MP: 9/28
 39314 | Snake:4  | Noticed Bai Suzhen
 39330 | Snake:4  | Killed Bai Suzhen
 40854 | Snake:4  | Got a serpentine rune of Zot
 41330 | D:14     | Killed KamiKatze's ghost
 41356 | D:14     | Killed from afar by a tengu reaver

Illustrated notes

Levels and vault maps discovered:
D:1:      psy_arrival_dodecagon, layout_loops_ring, nicolae_titane
D:2:      layout_basic
D:3:      layout_basic, nicolae_overflow_ecumenical_swirl,
          nicolae_dithmenos_through_a_glass_darkly
D:4:      layout_cave_pools, nicolae_ru_awakened_eye, grunt_gozag_statues,
          serial_bayou, serial_bayou_shore_a, serial_bayou_pond_b,
          serial_bayou_pond_a, serial_bayou_lake_a
D:5:      layout_basic, enter_ossuary_4
D:6:      layout_loops_cross, tso_oasis_becter, nicolae_overflow_crystal_walls,
          nicolae_elyvilon_peaceful_grove, minmay_temple_entry_from_below_a,
          nicolae_fountain_basement
D:7:      layout_gridville, dancing_weapons_uskayaw, uniq_pikel
D:8:      layout_loops_ring, kennysheep_generic_room_7
D:9:      layout_big_octagon, evilmike_ruin_ashenzari, david_lair_shrubbed
D:10:     layout_roguey, nicolae_overflow_hidden_temple,
          kb_lookout_dungeons_type
D:11:     layout_stronghold, serial_demonic, serial_demonic_e, serial_demonic_f,
          serial_demonic_e, serial_demonic_a, nicolae_trove_entry_free_sample,
          minmay_misc_feat_encased, uniq_gastronok, uniq_nergalle, uniq_psyche
D:12:     layout_cave_pools, minmay_orc_entry_temple_small, serial_shops, shop,
          minmay_statue_crystal_thing
D:13:     layout_irregular_city, nicolae_elemental_shop, chequers_mini_garden,
          wad_dig_loot
D:14:     layout_loops_ring, erik_vaults_1, doesnt_xom_only_xom,
          gammafunk_ghost_arena
D:15:     hangedman_depths_entry_civil_slaughter, layout_rooms,
          minmay_strange_pillars, uniq_roxanne, uniq_rupert, uniq_jorgrun
Lair:1:   layout_gridlike
Lair:2:   layout_regular_city, elwin_shoals_entry_stream
Lair:3:   regret_index_harrowing_hell_hive, layout_regular_city,
          minmay_snake_entry_guardpost_large
Lair:4:   layout_hall_layers, nicolae_slime_entry_field_trip, uniq_sonja
Lair:5:   due_jungle_book, layout_misc_corridors, st_stairs_13,
          cheibrodos_lair_lostbears, grunt_megastairs_3
Shoals:1: layout_shoals, ebering_ghost_gozag, serial_shops, bzr_entry_lakeside,
          nicolae_shoals_arrival_archipelago
Shoals:2: layout_shoals, serial_shops, shop_coins
Shoals:3: layout_shoals, nicolae_shoals_loop_pool
Shoals:4: shoals_end_grunt_ice, layout_shoals, shoals_ilsuiw_ice,
          nicolae_shop_vocational, uniq_kirke
Snake:1:  layout_onion, nicolae_snake_mages_go_home
Snake:2:  layout_rooms, serial_shops, nicolae_square_shop, uniq_saint_roka
Snake:3:  layout_honeycomb, basic_altar, serial_bayou_shore_b, minmay_shop_star
Snake:4:  grunt_snake_rune_pools, layout_cave_town, uniq_bai_suzhen
Orc:1:    layout_caves, elf_legates, uniq_josephine
Orc:2:    grunt_orc_gardens, layout_caves, grunt_orc_garden, grunt_orc_garden,
          grunt_orc_garden, grunt_orc_garden, serial_shops, shop
Depths:1: kennysheep_room_grid, layout_twisted_cross, enter_ziggurat_a,
          serial_shops, shop, hell_entry, minivault_14, kennysheep_windowed_goal

Skill      XL: |  1  2  3  4  5  6  7  8  9 10 11 12 13 14 15 16 17 18 |
---------------+-------------------------------------------------------+-----
Long Blades    | 4 5 6 7 8 10 11 13 14 15 16 18 20 21 22 | 22.9
Fighting       | 4 5 6 7 9 11 12 14 15 16 17 19 20 | 20.0
Armour         | 1 2 3 4 6 8 9 11 13 14 15 16 17 | 17.8
Dodging        | 4 5 6 7 8 |  8.2
Invocations    | 3 4 6 7 8 10 11 12 13 14 | 14.7
Throwing       | 1 2 |  2.2
Shields        | 2 3 5 7 8 |  8.0
Stealth        | 1 2 |  2.4
Evocations     | |  0.8

Action                     |  1- 3 |  4- 6 |  7- 9 | 10-12 | 13-15 | 16-18 || total
---------------------------+-------+-------+-------+-------+-------+-------++-------
  Melee: Falchion          |    96 |   206 |    76 |       |       |       ||   378
         Headbutt          |    18 |    41 |    50 |   154 |   222 |   220 ||   705
         Long sword        |       |       |   177 |     9 |       |       ||   186
         Scimitar          |       |       |       |   465 |   165 |       ||   630
         Great sword       |       |       |       |       |   808 |   537 ||  1345
         Triple sword      |       |       |       |       |       |   448 ||   448
  Throw: Javelin           |     2 |       |       |    10 |     3 |     8 ||    23
 Invoke: Banish            |       |       |       |     1 |     3 |     1 ||     5
         Brand Weapon With |       |       |       |       |     1 |       ||     1
  Evoke: Wand              |       |       |       |       |       |     2 ||     2
         Lightning rod     |       |       |       |       |       |     2 ||     2
    Use: Scroll            |     9 |     1 |     9 |     7 |    11 |     8 ||    45
         Potion            |       |     3 |     4 |     5 |     8 |    10 ||    30
   Stab: Petrified         |       |       |       |       |     1 |       ||     1
         Distracted        |       |       |       |       |     1 |       ||     1
 Armour: Robe              |     4 |       |       |       |       |       ||     4
         Chain mail        |    53 |       |       |       |   557 |   460 ||  1070
         Plate armour      |       |   111 |   186 |   286 |    72 |       ||   655
         Skin              |       |    62 |       |     5 |       |       ||    67
  Dodge: Dodged            |    46 |    52 |   105 |   177 |   464 |   956 ||  1800
  Block: Kite shield       |       |       |       |       |    39 |       ||    39
         Other             |       |       |       |       |    46 |   235 ||   281
         Reflection        |       |       |       |       |     5 |    23 ||    28
